 Dungeon Crawl Stone Soup version 0.19-a0-347-g6bb00b2 (webtiles) character file.

1354 FrictionlessMuMo the Insei (level 8, -8/62 HPs)
             Began as a Mummy Monk on May 29, 2016.
             Mangled by Prince Ribbit (12 damage)
             ... on level 5 of the Dungeon.
             The game lasted 00:11:09 (9961 turns).

FrictionlessMuMo the Insei (Mummy Monk)             Turns: 9961, Time: 00:11:10

Health: -8/62      AC:  1    Str: 14    XL:     8   Next: 37%
Magic:  8/8        EV: 15    Int: 10    God:
Gold:   234        SH:  5    Dex: 16    Spells: 0 memorised, 7 levels left

rFire  x . .     SeeInvis .       - Unarmed
rCold  + . .     Gourm    .     (no armour)
rNeg   + + +     Faith    .     f - +0 buckler
rPois  ∞         Spirit   .     a - +0 helmet
rElec  .         Dismiss  .     (no cloak)
rCorr  .         Reflect  .     (no gloves)
SustAt .         Harm     .     (no boots)
MR     +....                    (no amulet)
Stlth  ++........               (no ring)
                                i - ring of wizardry

@: somewhat resistant to hostile enchantments, unstealthy
A: no food or potions, fire vulnerability, cold resistance 1, negative energy
resistance 3, torment resistance, unbreathing
a: no special abilities


You were on level 5 of the Dungeon.
You were not hungry.

You visited 1 branch of the dungeon, and saw 6 of its levels.

You collected 234 gold pieces.


Innate Abilities, Weirdness & Mutations

You do not eat or drink.
Your flesh is vulnerable to fire.
You are immune to poison.
Your flesh is cold resistant. (rC+)
You are immune to negative energy. (rN+++)
You are immune to unholy pain and torment.
You can survive without breathing.


   Skills:
 + Level 5.2 Fighting
 - Level 4.4 Dodging
 - Level 1.5 Stealth
 - Level 4.2 Shields
 - Level 6.0 Unarmed Combat


You had 7 spell levels left.
You didn't know any spells.

Inventory:

Armour
 a - a +0 helmet (worn)
 f - a +0 buckler (worn)
Jewellery
 i - a ring of wizardry (left hand)
 n - a +4 amulet of reflection {unknown}
 o - an uncursed amulet of regeneration {unknown}
 p - an uncursed amulet of faith {unknown}
Scrolls
 b - 5 scrolls of teleportation {unknown}
 c - 2 scrolls of fog {unknown}
 d - 2 scrolls of enchant weapon {unknown}
 e - 6 scrolls of identify {unknown}
 g - 2 scrolls of magic mapping {unknown}
 j - 2 scrolls of immolation {unknown}
 k - a scroll of fear {unknown}
 l - 3 scrolls of enchant armour {unknown}
 m - 5 scrolls of remove curse {unknown}
Comestibles
 h - a royal jelly

Dungeon Overview and Level Annotations

Branches:
Dungeon (6/15)             Temple (0/1) D:6

Altars:
Elyvilon
Fedhas
Pakellas
Qazlal
Ru
Vehumet
Zin

Shops:
D:6 }

Annotations:
D:4 exclusion: downstairs
D:5 Prince Ribbit; namelastname112's ghost, novice DEWz

▒▒▒▒▒▒▒▒ ▒....
▒......▒▒▒....
▒▒▒.▒▒▒▒....▒▒▒▒ ▒▒▒▒▒▒▒
▒........▒▒.....
▒......▒▒.......(▒▒▒▒...
▒▒▒?..............(▒▒▒...▒
....._..▒▒▒........>...!..
........▒▒▒<........(.▒▒▒▒
.......OFM..........▒[▒▒▒▒
.......>.▒▒.........▒.....
........▒▒▒...%.....▒▒....
........▒▒▒▒▒▒▒▒▒▒........
.........▒▒▒▒▒▒▒▒▒...▒....
.................▒▒.......
....................▒.▒▒▒▒
▒▒▒▒▒▒▒▒..........▒.▒...▒▒
▒%.........▒...▒...


You could see Prince Ribbit and an ogre.


Message History

Found a stone staircase leading up!
A worker ant zombie is nearby!!!
The worker ant zombie bites you! * * * don't die
* * * You pummel the worker ant zombie like a punching bag!!!
The worker ant zombie bites you! * * * don't die
* * * You pound the worker ant zombie into fine dust!
You block the worker ant zombie's attack!
The ogre shouts!!!
You squash the worker ant zombie like an ant!
You barely miss the worker ant zombie!
The worker ant zombie bites you! * * * don't die
* * * You pound the worker ant zombie into fine dust!
The worker ant zombie completely misses you!
You pummel the worker ant zombie like a punching bag!
The worker ant zombie bites you but does no damage!
You pound the worker ant zombie into fine dust!
The worker ant zombie bites you! * * * don't die
* * * You pound the worker ant zombie into fine dust!
You destroy the worker ant zombie!!!
There is a stone staircase leading up here!
The ogre hits you with a giant club!!! * * * don't die
* * * You climb upwards!
Level annotation: Prince Ribbit; namelastname112's ghost, novice DEWz
There is a stone staircase leading down here!
Prince Ribbit hits you!!! rip

Action                   |  1- 3 |  4- 6 |  7- 9 || total
-------------------------+-------+-------+-------++-------
Melee: Unarmed           |   136 |   330 |   300 ||   766
       Punch             |     4 |     5 |       ||     9
 Stab: Sleeping          |     1 |     3 |     3 ||     7
       Distracted        |       |       |     1 ||     1
Armor: Skin              |    10 |    21 |    12 ||    43
Dodge: Dodged            |    77 |   182 |   134 ||   393
Block: Buckler           |       |    15 |    56 ||    71

Vault maps used:
D:1:      saegor_arrival_simple_e
D:2:      old_standard_altar, fedhas_altar_1, ecumenical_altar_1,
          nicolae_ru_the_path_less_chosen
D:3:      old_standard_altar, minivault_5
D:4:      kennysheep_little_box, uniq_robin
D:5:      yredelemnul_altar_generic, first_bread, basic_altar,
          uniq_prince_ribbit1
D:6:      grunt_pakellas_salt, kennysheep_mini, minmay_temple_entry_glass,
          serial_shops, shop

Notes
Turn   | Place    | Note
--------------------------------------------------------------
     0 | D:1      | FrictionlessMuMo the Mummy Monk began the quest for the Orb.
     0 | D:1      | Reached XP level 1. HP: 18/18 MP: 1/1
   351 | D:1      | Reached XP level 2. HP: 10/24 MP: 2/2
   893 | D:1      | Reached skill level 4 in Unarmed Combat
  1062 | D:1      | Reached XP level 3. HP: 29/29 MP: 3/3
  1432 | D:2      | Found a sacrificial altar of Ru.
  1448 | D:2      | Found a blossoming altar of Fedhas.
  1770 | D:2      | Found a faded altar to an unknown god.
  1941 | D:2      | Reached XP level 4. HP: 31/35 MP: 4/4
  2278 | D:2      | Found a sacrificial altar of Ru.
  2393 | D:3      | Found a glowing silver altar of Zin.
  2572 | D:3      | Reached skill level 5 in Unarmed Combat
  3066 | D:3      | Reached XP level 5. HP: 17/41 MP: 5/5
  3311 | D:3      | Reached skill level 4 in Fighting
  4430 | D:4      | Noticed Robin
  4646 | D:4      | Reached skill level 1 in Shields
  4834 | D:4      | Reached XP level 6. HP: 17/49 MP: 6/6
  4852 | D:3      | HP: 4/49 [orc/short sword (6)]
  4868 | D:3      | HP: 2/49 [orc/short sword (5)]
  5372 | D:4      | Reached skill level 2 in Shields
  5781 | D:4      | Killed Robin
  5913 | D:4      | Reached skill level 3 in Shields
  6487 | D:4      | Reached XP level 7. HP: 54/55 MP: 7/7
  6561 | D:4      | Reached skill level 4 in Shields
  6802 | D:4      | Reached skill level 5 in Fighting
  7165 | D:4      | Found a stormy altar of Qazlal.
  7336 | D:5      | Entered Level 5 of the Dungeon
  7336 | D:5      | Noticed Prince Ribbit
  7842 | D:3      | Reached skill level 3 in Dodging
  8654 | D:5      | Reached skill level 4 in Dodging
  8712 | D:5      | Found a radiant altar of Vehumet.
  8764 | D:5      | Noticed namelastname112's ghost (novice DEWz)
  9142 | D:6      | Found a staircase to the Ecumenical Temple.
  9159 | D:5      | Reached XP level 8. HP: 56/62 MP: 8/8
  9695 | D:6      | Found Huz Xee's Gadget Emporium.
  9739 | D:6      | Found a white marble altar of Elyvilon.
  9745 | D:6      | Found an oddly glowing altar of Pakellas.
  9939 | D:6      | Reached skill level 6 in Unarmed Combat
  9958 | D:6      | HP: 3/62 [ogre/giant club (10)]
  9961 | D:5      | Mangled by Prince Ribbit

Vanquished Creatures
  An ice beast (D:3)
  A black bear (D:6)
  An ogre (D:4)
  A phantom (D:4)
  2 giant frogs
  4 scorpions
  A howler monkey (D:4)
  A crimson imp (D:5)
  A centaur zombie (D:5)
  An orc priest (D:5)
  A hound (D:4)
  A centaur skeleton (D:4)
  A giant frog skeleton (D:5)
  3 orc wizards
  4 worker ants
  Robin (D:4)
  2 worker ant zombies
  9 adders
  A gnoll (D:1)
  A howler monkey skeleton (D:4)
  A shadow imp (D:4)
  An ooze (D:1)
  An adder zombie (D:6)
  4 worms
  2 dart slugs (D:1)
  3 giant geckos
  8 orcs
  4 giant cockroaches
  15 goblins
  17 hobgoblins
  6 jackals
  2 quokkas
  2 ball pythons
  6 bats
  A giant gecko skeleton (D:4)
  9 giant newts
  8 kobolds
  A quokka skeleton (D:4)
  6 rats (D:3)
135 creatures vanquished.
